 Dungeon Sprint DCSS version 0.17-a0-1570-g74b7129 (webtiles) character file.

54 nuthulu the Skirmisher (level 5, -10/38 HPs)
             Began as a Gargoyle Fighter on July 23, 2015.
             Was a Follower of Okawaru.
             Mangled by a two-headed ogre
             ... wielding a +0 giant club
              (16 damage)
             ... in the Dungeon (Sprint VI: "Thunderdome").
             The game lasted 00:02:50 (355 turns).

nuthulu the Skirmisher (Gargoyle Fighter)            Turns: 355, Time: 00:02:50

Health: -10/38     AC: 13    Str: 22    XL:     5   Next: 87%
Magic:  14/14      EV:  8    Int:  9    God:    Okawaru [*.....]
Gold:   91         SH: 10    Dex: 10    Spells: 0 memorised, 4 levels left

rFire  + . .     SeeInvis .     a - +0 flail
rCold  + . .     Clarity  .     b - +0 scale mail
rNeg   + . .     SustAt   +     c - +0 shield
rPois  ∞         Gourm    .     (no helmet)
rElec  +         Spirit   .     j - +0 cloak
rCorr  .         Warding  .     (no gloves)
rMut   +         NoTele   +     (no boots)
MR     +....                    p - amulet of Ebeesiwu {rMut rC+}
Stlth  ..........               r - ring of Waot {SustAt +Blink rPois MP+9 Slay+2}
                                q - ring "Fytuu" {rF+ MR+ Str+3}

@: somewhat resistant to hostile enchantments, extremely unstealthy
A: negative energy resistance 1, electricity resistance, unbreathing,
petrification resistance, rot immunity, AC +4
a: Heroism, Renounce Religion, Evoke Blink


You were in the Dungeon.
You worshipped Okawaru.
Okawaru was aware of your devotion.
You were not hungry.

You visited 1 branch You collected 280 gold pieces.
You spent 189 gold pieces at shops.

Inventory:

Hand weapons
 a - a +0 flail (weapon)
Armour
 b - a +0 scale mail (worn)
 c - a +0 shield (worn)
 j - a +0 cloak (worn)
Jewellery
 p - the amulet of Ebeesiwu (around neck) {rMut rC+}
   (You bought it in a shop in the Dungeon)

   [amulet of resist mutation]

   It protects you from mutation.
   It protects you from cold.
 q - the ring "Fytuu" (left hand) {rF+ MR+ Str+3}
   (You bought it in a shop in the Dungeon)

   [ring of protection from fire]

   It affects your strength (+3).
   It protects you from fire.
   It affects your resistance to hostile enchantments.
 r - the ring of Waot (right hand) {SustAt +Blink rPois MP+9 Slay+2}
   (You bought it in a shop in the Dungeon)

   [ring of sustain attributes]

   It sustains your strength, intelligence and dexterity.
   It affects your accuracy and damage with ranged weapons and melee attacks
   (+2).
   It protects you from poison.
   It affects your magic capacity (+9).
   It lets you blink.
Magical devices
 l - a wand of cold (5)
 m - a wand of fire (5)
Scrolls
 k - 4 scrolls of blinking
 n - 3 scrolls of fog
Potions
 f - a potion of curing
 g - 2 potions of heal wounds
 h - 4 potions of haste
 i - 2 potions of magic
 o - a potion of resistance
Comestibles
 d - a chunk of flesh
 e - a bread ration


   Skills:
 + Level 7.1 Fighting
 + Level 6.2 Maces & Flails
 + Level 7.1 Armour
 + Level 7.1 Shields


You had 4 spell levels left.
You didn't know any spells.

Dungeon Overview and Level Annotations

Branches:
Dungeon (1/1)

Altars:
Cheibriados
Dithmenos
Fedhas
Gozag
Kikubaaqudgha
Makhleb
Okawaru
Qazlal
Ru
Sif Muna
Trog
Vehumet
Xom
Yredelemnul
Zin
The Shining One
Jiyva
Lugonu

Shops:
D *[%??*?*:[((!!!!


Innate Abilities, Weirdness & Mutations

You are resistant to torment.
Your stone body is resilient (AC +4).
You are immune to poison.
You resist negative energy.
You are resistant to electric shocks.
You can survive without breathing.
You are immune to petrification.
You are immune to rotting.


Message History

Things that are here:
a runed robe; a scythe A two-headed ogre comes into view.
It is wielding a giant club and a giant spiked club.
The two-headed ogre shouts in stereo!
You sock the two-headed ogre!
The two-headed ogre is moderately wounded.
You block the two-headed ogre's attack.
The two-headed ogre hits you with a giant spiked club!
You sock the two-headed ogre!
The two-headed ogre is heavily wounded.
You block the two-headed ogre's attack.
The two-headed ogre hits you with a giant spiked club!
* * * LOW HITPOINT WARNING * * *
You barely miss the two-headed ogre.
The two-headed ogre is heavily wounded.
You thump the two-headed ogre!
The two-headed ogre is severely wounded.
The two-headed ogre hits you but does no damage.
The two-headed ogre hits you with a giant spiked club!
You die...

##∩.....∩## #∩.......∩#
#_......._# #_......._#
#_......._# ###.........###
#⌠...........⌠#
######.8.........8.#####
##∩___..@O..###.........∩
###∩).[.....8.# #.8........
##.............###.....)....
#⌠..........###...###.......
#⌠..........# #.<.# #.......
#⌠.......[..###...###...†.†.
##.............###..........
###∩........8.# #.8........
##∩__.......###......___∩


You could see a two-headed ogre.

Vanquished Creatures
  Sigmund (D)
  Terence (D)
  An adder (D)
  An ooze (D)
  2 worms (D)
  An orc (D)
  A bat skeleton (D)
  A hobgoblin (D)
  A kobold (D)
  A rat (D)
11 creatures vanquished.

Notes
Turn   | Place    | Note
--------------------------------------------------------------
     0 | D        | nuthulu the Gargoyle Fighter began the quest for the Orb.
     0 | D        | Reached XP level 1. HP: 14/14 MP: 1/1
     2 | D        | Found an opulent altar of Gozag.
     2 | D        | Found a glowing silver altar of Zin.
     3 | D        | Found a burning altar of Makhleb.
     3 | D        | Found a glowing golden altar of the Shining One.
     4 | D        | Found a snail-covered altar of Cheibriados.
     4 | D        | Found Texixoni's Premium Goods.
     4 | D        | Found Tioteadd's Weapon Rack.
     5 | D        | Found Gucw's Miscellaneous Merchandise.
     5 | D        | Found Nohucs's Basic Armour.
     5 | D        | Round 1.
     6 | D        | Found a deep blue altar of Sif Muna.
     7 | D        | Found Cifi's Identification Station.
     8 | D        | Found Qaotz's Advanced Armour.
     8 | D        | Found Kahof's Jewellery.
     9 | D        | Found a radiant altar of Vehumet.
     9 | D        | Found an iron altar of Okawaru.
     9 | D        | Found a shimmering altar of Xom.
     9 | D        | Found Vahifyes's Bee Food.
    10 | D        | Noticed Terence
    13 | D        | Found a basalt altar of Yredelemnul.
    17 | D        | Became a worshipper of Warmaster Okawaru
    29 | D        | Killed Terence
    29 | D        | Reached skill level 4 in Fighting
    29 | D        | Reached XP level 2. HP: 7/20 MP: 2/2
    29 | D        | Reached XP level 3. HP: 8/24 MP: 3/3
    33 | D        | Bought an ancient golden amulet for 45 gold pieces
    33 | D        | Bought a coiled wooden ring for 45 gold pieces
    33 | D        | Bought a brightly glowing bone ring for 45 gold pieces
    33 | D        | Identified the amulet of Ebeesiwu {rMut rC+} (You bought it in a shop in the Dungeon)
    34 | D        | Identified the ring "Fytuu" {rF+ MR+ Str+3} (You bought it in a shop in the Dungeon)
    35 | D        | Identified the ring of Waot {SustAt +Blink rPois MP+9 Slay+2} (You bought it in a shop in the Dungeon)
    37 | D        | Noticed Sigmund
    60 | D        | Killed Sigmund
    60 | D        | Acquired Okawaru's first power
    60 | D        | Reached skill level 6 in Fighting
    60 | D        | Reached skill level 5 in Maces & Flails
    60 | D        | Reached XP level 4. HP: 12/32 MP: 4/4
    60 | D        | Reached XP level 5. HP: 13/37 MP: 5/5
   130 | D        | Found a stormy altar of Qazlal.
   131 | D        | Found a bloodstained altar of Trog.
   132 | D        | Found a blossoming altar of Fedhas.
   133 | D        | Found Uvvub's Do-It-Yourself Clinic.
   134 | D        | Found Achil's Bottled Wisdom.
   134 | D        | Found Qefimus's Distillery.
   134 | D        | Found Guloymif's Distillery.
   138 | D        | Found a corrupted altar of Lugonu.
   142 | D        | Arena points: 12 (+12) [x2]
   143 | D        | Found a sacrificial altar of Ru.
   160 | D        | Bought a +0 cloak for 54 gold pieces
   185 | D        | Round 2.
   193 | D        | Found a viscous altar of Jiyva.
   194 | D        | Found a shadowy altar of Dithmenos.
   194 | D        | Found an ancient bone altar of Kikubaaqudgha.
   195 | D        | Found Iruafuj's Magic Scroll Shop.
   195 | D        | Found Zoism's Staff Store.
   196 | D        | Found Deesi's Magic Scroll Shop.
   196 | D        | Found Topakk's Must-Have Magic.
   234 | D        | Reached skill level 7 in Fighting
   271 | D        | Arena points: 54 (+42) [x3]
   333 | D        | Round 3.
   349 | D        | Noticed a two-headed ogre
   355 | D        | Mangled by a two-headed ogre

Vault maps used:
D:        arena_sprint

Action                   |  1- 3 |  4- 6 || total
-------------------------+-------+-------++-------
Melee: Flail             |    25 |    30 ||    55
Invok: Heroism           |       |     1 ||     1
 Abil: Evoke Blink       |     1 |       ||     1
  Use: Potion            |     4 |       ||     4
